 Dungeon Crawl Stone Soup version 0.29.1-1-gd02db6906a (webtiles) character file.

Game seed: 17250345226547238867

168 Huetiris the Trooper (level 5, 0/33 HPs)
             Began as a Gargoyle Fighter on Sept 21, 2022.
             Was an Initiate of Ashenzari.
             Slain by a kobold
             ... wielding a +0 club
              (1 damage)
             ... on level 4 of the Dungeon on Sept 26, 2022.
             The game lasted 00:36:13 (3017 turns).

Huetiris the Trooper (Gargoyle Fighter)             Turns: 3017, Time: 00:36:14

Health: 0/33       AC: 11    Str: 21    XL:     5   Next: 48%
Magic:  5/5        EV:  8    Int:  9    God:    Ashenzari [......]
Gold:   210        SH:  0    Dex:  9    Spells: 4/4 levels left

rFire   . . .      SeeInvis .   s - +2 mace (protect)
rCold   . . .      Faith    .   i - +0 kite shield
rNeg    + . .      Spirit   .   b - +0 scale mail
rPois   ∞          Reflect  +   (no helmet)
rElec   +          Harm     .   (no cloak)
rCorr   .          Rampage  .   (no gloves)
Will    .....                   (no boots)
Stlth   ..........              L - amulet of reflection
HPRegen 0.11/turn               (no ring)
MPRegen 0.09/turn               (no ring)

@: confused, flying
A: sickness immunity, AC +4, negative energy resistance 1, electricity
resistance, torment resistance 1, petrification resistance
a: Renounce Religion


You were on level 4 of the Dungeon.
You worshipped Ashenzari.
Ashenzari was noncommittal.
You visited 1 branch of the dungeon, and saw 4 of its levels.

You collected 210 gold pieces.

Inventory:

Hand Weapons
 a - a +0 flail
 s - a +2 mace of protection (weapon)
 w - a +0 shortbow
 E - a +0 trident
 H - a +0 war axe
Missiles
 o - 11 poisoned darts
 r - 5 silver boomerangs
 I - a boomerang of dispersal (quivered)
Armour
 b - a +0 scale mail (worn)
 i - a +0 kite shield (worn)
 l - a +0 ring mail
 t - a +0 ring mail
 v - a +0 scale mail
 F - a +0 chain mail
Jewellery
 L - an amulet of reflection (around neck)
Wands
 z - a wand of iceblast (2)
Scrolls
 g - a scroll of torment {unknown}
 h - a scroll of fear {unknown}
 j - a scroll of identify
 p - a scroll of amnesia {unknown}
 q - 2 scrolls of blinking
 x - a scroll of poison {unknown}
 D - a scroll of acquirement {unknown}
 G - a scroll of teleportation {unknown}
Potions
 d - a potion of might
 e - a potion of flight
 f - 3 potions of curing {unknown}
 k - 2 potions of haste
 n - a potion of brilliance {unknown}
 u - a potion of mutation {unknown}
 B - a potion of magic
 C - a potion of invisibility {unknown}
 M - a potion of attraction


   Skills:
 + Level 4.0 Fighting
 + Level 3.7 Maces & Flails
 + Level 3.9 Armour
 + Level 1.2 Dodging
 + Level 0.2 Stealth
 + Level 4.0 Shields


You had 4 spell levels left.
You didn't know any spells.
Your spell library contained the following spells:

 Spells                   Type           Power      Damage    Failure   Level
 Beastly Appendage        Tmut           0%         N/A       97%         1
 Magic Dart               Conj           0%         1d3       97%         1
 Searing Ray              Conj           0%         2d4       99%         2
 Wereblood                Tmut           0%         N/A       99%         2
 Dazzling Flash           Conj/Hex       0%         N/A       100%        3
 Spider Form              Tmut/Pois      0%         N/A       100%        3
 Fulminant Prism          Conj/Hex       0%         3d6       100%        4
 Iskenderun's Mystic Bla  Conj/Tloc      0%         2d3       100%        4
 Starburst                Conj/Fire      0%         6d3       100%        6


Dungeon Overview and Level Annotations

Branches:
Dungeon (4/15)
 Temple: D:4-7

Altars:
Ashenzari
Xom


Innate Abilities, Weirdness & Mutations

You are immune to sickness and miasma.
Your stone body is resilient. (AC +4)
You are immune to poison.
You resist negative energy. (rN+)
You are resistant to electric shocks. (rElec)
You are resistant to unholy torment.
You are immune to petrification.


Message History

You hear some strange, mumbled words.
You are more confused.
The orc hits you with a +0 club. Something hits you but does no damage.
The kobold hits you but does no damage.
Something hits you but does no damage. x2
The orc hits you with a +0 club.
You closely miss the orc. Something hits you.
The kobold hits you but does no damage. Something hits you but does no damage.
The orc closely misses you.
You closely miss the orc. The kobold hits you but does no damage.
Something hits you but does no damage. The orc hits you with a +0 club.
Something hits you but does no damage. The kobold barely misses you.
Something hits you but does no damage.
You hear some strange, mumbled words.
A puff of flame appears from out of thin air!
The puff of flame misses you. The orc hits you with a +0 club.
You hit the orc.
Your weapon exudes an aura of protection.
The orc is moderately wounded.
Something hits you but does no damage. The kobold barely misses you.
The orc hits you with a +0 club.
* * * LOW HITPOINT WARNING * * *
Something hits you but does no damage.
You bump into the rock wall.
The kobold barely misses you. Something hits you but does no damage.
The orc hits you with a +0 club.
* * * LOW HITPOINT WARNING * * *
Something hits you but does no damage. The orc closely misses you.
Something hits you but does no damage.
You are too confused!
It was a potion of flight.
You feel very buoyant.
You fly up into the air.
The orc barely misses you. The kobold hits you but does no damage.
Something hits you but does no damage. The orc attacks as you move away!
The orc hits you but does no damage. The kobold hits you with a +0 club.
* * * LOW HITPOINT WARNING * * *
The goblin hits you but does no damage.
You miss the orc.
The orc is moderately wounded.
The kobold hits you with a +0 club.
You die...

#.......#.#.
#............
#.......#.#..
#.......#...
#.......# #.#
###.......#
.#
#.........# #
#...#######
#.o@# #.Kg#
#.).# #..)#
#.... #.....
####.). ....
.....


You could see an orc, a goblin and a kobold.

Vanquished Creatures
  Ijyb (D:3)
  Terence (D:3)
  Natasha (D:2)
  2 adders (D:3)
  A dart slug (D:3)
  7 orcs
  7 bats
  3 endoplasms
  A giant cockroach (D:1)
  5 goblins
  A hobgoblin (D:1)
  3 jackals (D:4)
  2 quokkas (D:3)
  6 ball pythons
  2 frilled lizards
  6 kobolds
  23 rats
72 creatures vanquished.

Vanquished Creatures (others)
  A fungus (D:1)
  A plant (D:1)
2 creatures vanquished.

Grand Total: 74 creatures vanquished

Notes
Turn   | Place    | Note
-------+----------+-------------------------------------------
     0 | D:1      | Huetiris the Gargoyle Fighter began the quest for the Orb.
     0 | D:1      | Reached XP level 1. HP: 14/14 MP: 1/1
   121 | D:1      | Reached XP level 2. HP: 12/19 MP: 2/2
   510 | D:1      | Found a faded altar of an unknown god.
  1225 | D:2      | Found a shimmering altar of Xom.
  1677 | D:2      | Reached XP level 3. HP: 23/24 MP: 3/3
  1719 | D:2      | Noticed Natasha
  1725 | D:2      | Killed Natasha
  2203 | D:3      | Noticed Ijyb
  2205 | D:3      | Reached XP level 4. HP: 14/29 MP: 4/4
  2238 | D:3      | Killed Ijyb
  2239 | D:3      | Reached skill level 1 in Dodging
  2341 | D:3      | Noticed Terence
  2349 | D:3      | Killed Terence
  2350 | D:3      | Reached XP level 5. HP: 24/33 MP: 5/5
  2365 | D:3      | Found a broken altar of Ashenzari.
  2599 | D:3      | Became a worshipper of Ashenzari the Shackled
  3016 | D:4      | HP: 1/33 [kobold/+0 club (4)]
  3017 | D:4      | Slain by a kobold

Illustrated notes

Levels and vault maps discovered:
D:1:      nicolae_arrival_washed_ashore, layout_loops_ring,
          dreamdust_ecumenical_altar_hidden_monk_grotto
D:2:      mumra_celtic_spiral_tile, layout_basic, basic_altar, uniq_natasha
D:3:      layout_rooms, nicolae_ashenzari_panopticon, minmay_rat_hole,
          uniq_terence, uniq_ijyb
D:4:      layout_basic, old_standard_altar, mainiacjoe_overflow_catwalk,
          minmay_temple_entry_gardened_gates, hangedman_decor_push,
          kennysheep_crisscross, minivault_14, uniq_edmund

Skill      XL: |  1  2  3  4  5 |
---------------+----------------+-----
Maces & Flails | 3 |  3.7
Dodging        | 1 |  1.2
Fighting       | 4 |  4.0
Shields        | 4 |  4.0
Armour         | |  3.9
Stealth        | |  0.2

Action                   |  1- 3 |  4- 6 || total
-------------------------+-------+-------++-------
Melee: Flail             |    78 |       ||    78
       Mace              |    29 |   111 ||   140
Evoke: Wand              |       |     2 ||     2
  Use: Scroll            |     2 |     1 ||     3
       Potion            |       |     4 ||     4
Armor: Scale mail        |    59 |   175 ||   234
Dodge: Dodged            |    46 |    93 ||   139
Block: Buckler           |    15 |       ||    15
       Kite shield       |    30 |    85 ||   115
